 Dungeon Crawl Stone Soup version 0.28.0 (webtiles) character file.

Game seed: 11887278008486313646

58482 pkoi the Gelid (level 14, 0/113 HPs)
             Began as a White Draconian Ice Elementalist on Feb 16, 2022.
             Was a High Priest of Sif Muna.
             Slain by an eight-headed hydra (4 damage)
             ... on level 12 of the Dungeon.
             The game lasted 00:53:43 (26603 turns).

pkoi the Gelid (White Draconian Ice Elementalist)  Turns: 26603, Time: 00:53:44

Health: 0/113      AC: 24    Str: 12    XL:     14   Next: 49%
Magic:  25/26      EV: 14    Int: 26    God:    Sif Muna [*****.]
Gold:   1036       SH:  0    Dex: 11    Spells: 10/29 levels left

rFire   + . .      SeeInvis +   t - +5 dagger (vamp)
rCold   + + .      Faith    .   (no shield)
rNeg    . . .      Spirit   .   (armour unavailable)
rPois   .          Reflect  .   (helmet restricted)
rElec   .          Harm     .   d - scarf {rC+ rF+}
rCorr   .          Rampage  .   j - +2 pair of gloves
Will    +....                   (no boots)
Stlth   ++........              y - amulet of magic regeneration
HPRegen 0.28/turn               B - +6 ring of intelligence
MPRegen 0.60/turn               n - ring of see invisible

@: ice-armoured, freezing walls
A: breathe frost, AC +8, unfitting armour, cold resistance 1, cold-blooded
a: Breathe Frost, Renounce Religion, Channel Magic, Forget Spell, Divine
Exegesis


You were on level 12 of the Dungeon.
You worshipped Sif Muna.
Sif Muna was extremely pleased with you.
You visited 3 branches of the dungeon, and saw 19 of its levels.

You collected 1359 gold pieces.
You spent 323 gold pieces at shops.

Inventory:

Hand Weapons
 a - a +0 shortbow
 t - a +5 vampiric dagger (weapon)
 G - a +2 trident of venom
 S - a +5 scimitar
Missiles
 u - 111 arrows
 x - a throwing net
Armour
 d - a scarf of resistance (worn)
 j - a +2 pair of gloves (worn)
 A - a +1 cloak
Magical Staves
 b - a staff of cold
Jewellery
 i - a ring of fire
 n - a ring of see invisible (right hand)
 y - an amulet of magic regeneration (around neck)
 B - a +6 ring of intelligence (left hand)
 J - an amulet of reflection
Wands
 k - a wand of iceblast (22)
 p - a wand of digging (14)
 q - a wand of polymorph (7)
 v - a wand of charming (8)
 w - a wand of acid (8)
 K - a wand of mindburst (3)
 P - a wand of flame (17)
Scrolls
 f - 7 scrolls of teleportation
 g - 2 scrolls of fear
 m - 3 scrolls of magic mapping
 o - a scroll of identify
 s - 3 scrolls of fog
 C - 2 scrolls of blinking
 E - 2 scrolls of brand weapon
 F - 3 scrolls of enchant weapon
 I - a scroll of enchant armour
Potions
 c - 2 potions of resistance
 e - 4 potions of haste
 h - 2 potions of brilliance
 l - 7 potions of curing
 r - 4 potions of flight
 z - 2 potions of heal wounds
 D - 3 potions of cancellation
 L - a potion of ambrosia
 M - a potion of might
 O - a potion of berserk rage
Miscellaneous
 Q - a lightning rod (4/4)


   Skills:
 + Level 7.4 Fighting
 - Level 9.0 Bows
 + Level 6.4 Dodging
 - Level 1.7 Stealth
 + Level 8.2 Spellcasting
 - Level 9.0 Conjurations
 + Level 18.1 Ice Magic
 + Level 7.6 Air Magic
 - Level 4.0 Poison Magic
 + Level 7.0 Invocations


You had 10 spell levels left.
You knew the following spells:

 Your Spells              Type           Power      Damage    Failure   Level
a - Freeze                Ice            100%       1d11      0%          1
b - Frozen Ramparts       Ice            100%       1d12      0%          3
c - Ozocubu's Armour      Ice            81%        N/A       0%          3
d - Hailstorm             Conj/Ice       69%        3d14      1%          4
e - Mephitic Cloud        Conj/Pois/Air  46%        N/A       1%          3
f - Freezing Cloud        Conj/Ice/Air   31%        6-21      1%          5

Your spell library contained the following spells:

 Spells                   Type           Power      Damage    Failure   Level
 Shock                    Conj/Air       100%       1d9       1%          1
 Swiftness                Air            50%        N/A       1%          3
 Summon Ice Beast         Ice/Summ       55%        N/A       1%          4
 Stone Arrow              Conj/Erth      68%        3d11      2%          3
 Airstrike                Air            25%        N/A       2%          4
 Metabolic Englaciation   Hex/Ice        27%        N/A       3%          5
 Pain                     Necr           40%        1d6       5%          1
 Sandblast                Erth           20%        2d7       5%          1
 Slow                     Hex            40%        N/A       5%          1
 Passwall                 Tmut/Erth      8%         N/A       9%          2
 Wereblood                Tmut           10%        N/A       9%          2
 Ignite Poison            Fire/Tmut/Pois 17%        N/A       10%         3
 Confusing Touch          Hex            10%        N/A       17%         3
 Vampiric Draining        Necr           10%        2d6       17%         3
 Irradiate                Conj/Tmut      17%        3d19      24%         5
 Petrify                  Tmut/Erth      10%        N/A       50%         4
 Iron Shot                Conj/Erth      17%        9d4       80%         6
 Agony                    Necr           10%        N/A       83%         5
 Blade Hands              Tmut           5%         N/A       83%         5
 Excruciating Wounds      Necr           5%         N/A       83%         5
 Summon Forest            Summ/Tloc      5%         N/A       83%         5
 Summon Mana Viper        Hex/Summ       10%        N/A       83%         5
 Polar Vortex             Ice            40%        N/A       97%         9
 Statue Form              Tmut/Erth      6%         N/A       100%        6
 Summon Cactus Giant      Summ           5%         N/A       100%        6
 Animate Armour           Summ/Erth      Unusable   N/A       N/A         4

Dungeon Overview and Level Annotations

Branches:
Dungeon (12/15)            Temple (1/1) D:7            Lair (6/6) D:10
  Swamp (0/4) Lair:2        Snake (0/4) Lair:4        Slime (0/5) Lair:5
    Orc: D:9-12

Altars:
Ashenzari
Cheibriados
Dithmenos
Elyvilon
Fedhas
Gozag
Hepliaklqana
Kikubaaqudgha
Makhleb
Nemelex Xobeh
Okawaru
Qazlal
Ru
Sif Muna
Trog
Uskayaw
Vehumet
Wu Jian
Xom
Yredelemnul
Zin
The Shining One
Jiyva

Shops:
D:4 *   D:5 (   D:9 ?

Annotations:
Lair:6 2 runed translucent doors


Innate Abilities, Weirdness & Mutations

You can breathe waves of freezing cold which knock back foes.
Your icy white scales are hard. (AC +8)
You cannot fit into any form of body armour.
Your flesh is cold resistant. (rC+)
You are cold-blooded and may be slowed by cold attacks.


Message History

The wall freezes the eight-headed hydra!
The eight-headed hydra seems to slow down.
The eight-headed hydra bites you but does no damage.
The eight-headed hydra bites you.
* * * LOW HITPOINT WARNING * * *
The eight-headed hydra bites you but does no damage.
The eight-headed hydra barely misses you.
The eight-headed hydra bites you!
* * * LOW HITPOINT WARNING * * *
The eight-headed hydra bites you.
* * * LOW HITPOINT WARNING * * *
The eight-headed hydra closely misses you.
The eight-headed hydra bites you but does no damage.
You feel a sense of dread.
t - a +5 vampiric dagger (weapon)
The cyclops throws a large rock.
The large rock hits you but does no damage.
Unknown command.
You hit the eight-headed hydra.
You feel better.
Your tail-slap misses the eight-headed hydra.
The eight-headed hydra is heavily wounded.
A vampire comes into view.
Unknown command.
You hit the eight-headed hydra.
The eight-headed hydra is severely wounded.
The wall freezes the eight-headed hydra.
The eight-headed hydra bites you but does no damage. x3
The eight-headed hydra completely misses you.
The eight-headed hydra bites you but does no damage. x2
The eight-headed hydra bites you!
* * * LOW HITPOINT WARNING * * *
The eight-headed hydra barely misses you.
You barely miss the eight-headed hydra.
The eight-headed hydra is severely wounded.
The cyclops throws a large rock.
The large rock hits you!!!
* * * LOW HITPOINT WARNING * * *
The wall freezes the eight-headed hydra!
The eight-headed hydra seems to slow down.
The eight-headed hydra bites you.
You die...

#######...
..........V..
.............
#....C.......
#...........#
#...........#
#..........D#
#..........@#
#........†..+
######....###'##.#
......<...#....#.#
..........#....#.#
..........#....#.#
#########.#....#.#
#.#....#.#
#.'....#.#


You could see an eight-headed hydra (slow), a cyclops and a vampire.

Vanquished Creatures
  Snorg (Lair:3)
  Josephine (D:10)
  Fannar (Lair:1)
  7 hydras
  2 boulder beetles
  A catoblepas (Lair:6)
  2 two-headed ogres
  Urug (D:11)
  Pikel (D:5)
  A deep elf pyromancer (D:12)
  A lindwurm (Lair:6)
  An ugly thing (D:9)
  11 black mambas
  Joseph (D:10)
  3 centaur zombies
  12 elephants
  2 torpor snails
  2 molten gargoyles (Lair:6)
  18 cane toads
  10 komodo dragons
  6 rime drakes
  A troll (D:9)
  2 polar bears
  A queen bee (Lair:5)
  3 meliai (Lair:5)
  Prince Ribbit (D:6)
  3 hornets (D:8)
  4 dream sheep (Lair:5)
  21 blink frogs
  2 shadows (D:11)
  2 vampires
  4 wraiths (D:10)
  12 wyverns
  51 yaks
  7 basilisks
  3 steam dragons
  3 hell hounds (Lair:6)
  23 water moccasins
  Duvessa (D:5)
  2 ice beasts
  3 orc warriors
  3 black bears
  3 ogres
  20 wolves
  A lemure (D:4)
  A phantom (D:5)
  10 bullfrogs
  2 scorpions
  Blork the orc (D:5)
  2 gnoll sergeants
  A wyvern zombie (D:7)
  A wyvern skeleton (D:5)
  Dowan (D:5)
  29 killer bees (Lair:5)
  5 wights (D:9)
  6 howler monkeys
  2 electric eels (Lair:3)
  5 lava snakes (Lair:6)
  A hound (D:5)
  An orc priest (D:11)
  3 gnoll shamans
  A bullfrog skeleton (D:5)
  4 orc wizards
  4 iguanas
  7 hell rats (Lair:6)
  2 hound skeletons
  A howler monkey zombie (D:7)
  A howler monkey skeleton (D:6)
  7 adders
  18 gnolls
  A shadow imp (D:7)
  An adder zombie (D:5)
  3 worms
  2 dart slugs
  24 orcs
  3 bats
  6 endoplasms
  4 giant cockroaches
  6 goblins
  9 hobgoblins
  4 jackals (D:2)
  7 kobolds
  A quokka (D:1)
  8 ball pythons
  3 frilled lizards
  7 rats
466 creatures vanquished.

Vanquished Creatures (others)
  48 fungi
  48 plants
96 creatures vanquished.

Grand Total: 562 creatures vanquished

Notes
Turn   | Place    | Note
-------+----------+-------------------------------------------
     0 | D:1      | pkoi the Draconian Ice Elementalist began the quest for the
                  | Orb.
     0 | D:1      | Reached XP level 1. HP: 14/14 MP: 3/3
     2 | D:1      | Noticed a demigod
     4 | D:1      | Noticed a naga
     4 | D:1      | Noticed a felid
     8 | D:1      | Noticed a demonspawn
     8 | D:1      | Noticed a minotaur
    10 | D:1      | Noticed an ogre
    12 | D:1      | Noticed a ghoul
    12 | D:1      | Noticed a spriggan
    14 | D:1      | Noticed a human
    14 | D:1      | Noticed an octopode
    16 | D:1      | Noticed a gargoyle
    18 | D:1      | Noticed a dwarf
    18 | D:1      | Noticed an elf
    20 | D:1      | Noticed a troll
    20 | D:1      | Noticed a vine stalker
    22 | D:1      | Noticed a tengu
    22 | D:1      | Noticed a formicid
    24 | D:1      | Noticed a draconian
    24 | D:1      | Noticed a vampire
    26 | D:1      | Noticed a merfolk
   374 | D:1      | Reached XP level 2. HP: 20/20 MP: 0/5
   834 | D:1      | Reached skill level 5 in Ice Magic
   837 | D:1      | Reached XP level 3. HP: 24/26 MP: 1/6
  1007 | D:1      | Found a faded altar of an unknown god.
  1991 | D:2      | Reached XP level 4. HP: 20/33 MP: 4/7
  2701 | D:3      | Reached skill level 6 in Ice Magic
  2980 | D:3      | Found an ornate altar of the Wu Jian Council.
  2987 | D:3      | Noticed a spectral centipede
  2987 | D:3      | Noticed a spectral black mamba
  2987 | D:3      | Noticed a spectral cane toad
  3480 | D:4      | Reached XP level 5. HP: 29/38 MP: 5/8
  3759 | D:4      | Learned a level 3 spell: Frozen Ramparts
  3763 | D:4      | Learned a level 3 spell: Ozocubu's Armour
  4091 | D:4      | Found Ristiaz's Mass Market.
  4385 | D:5      | Entered Level 5 of the Dungeon
  4385 | D:5      | Noticed a lemure
  4386 | D:5      | Noticed Pikel
  4386 | D:5      | Noticed a lemure
  4386 | D:5      | Noticed a lemure
  4387 | D:5      | Noticed a lemure
  4401 | D:4      | Killed a lemure
  4459 | D:5      | Killed Pikel
  4460 | D:5      | Reached skill level 9 in Ice Magic
  4460 | D:5      | Reached XP level 6. HP: 9/45 MP: 3/9
  4460 | D:5      | Your scales start taking on an icy white colour.
  4460 | D:5      | Reached skill level 10 in Ice Magic
  4460 | D:5      | Reached XP level 7. HP: 10/50 MP: 3/10
  4460 | D:5      | Gained mutation: Your flesh is cold resistant. (rC+) [White
                  | Draconian growth]
  4936 | D:5      | Noticed Blork the orc
  4946 | D:5      | Killed Blork the orc
  4947 | D:5      | Reached skill level 11 in Ice Magic
  5136 | D:5      | Noticed Dowan
  5137 | D:5      | Noticed Duvessa
  5209 | D:5      | Killed Duvessa
  5210 | D:5      | Killed Dowan
  5443 | D:5      | Reached skill level 12 in Ice Magic
  5443 | D:5      | Reached XP level 8. HP: 47/57 MP: 7/11
  5494 | D:5      | Found Namuicum's Antique Weapon Emporium.
  5502 | D:5      | Bought a shortbow for 63 gold pieces
  5860 | D:4      | Learned a level 4 spell: Hailstorm
  6467 | D:5      | Reached skill level 1 in Conjurations
  6551 | D:5      | Reached skill level 1 in Bows
  7250 | D:6      | Found a broken altar of Ashenzari.
  7252 | D:6      | Found a stormy altar of Qazlal.
  7257 | D:6      | Found a shimmering blue altar of Sif Muna.
  7273 | D:6      | Became a worshipper of Sif Muna the Loreminder
  7423 | D:6      | Noticed Prince Ribbit
  7441 | D:6      | Killed Prince Ribbit
  7920 | D:7      | Reached XP level 9. HP: 62/62 MP: 7/14
  8549 | D:7      | Reached skill level 13 in Ice Magic
  8961 | D:7      | Found a staircase to the Ecumenical Temple.
  8976 | Temple   | Entered the Ecumenical Temple
  9295 | D:8      | Found a snail-covered altar of Cheibriados.
  9350 | D:8      | Reached skill level 5 in Conjurations
  9450 | D:8      | Reached skill level 5 in Bows
  9450 | D:8      | Reached skill level 14 in Ice Magic
  9623 | D:8      | Reached * piety under Sif Muna
  9756 | D:8      | Reached XP level 10. HP: 52/69 MP: 14/16
 10457 | D:9      | Noticed a brown ugly thing
 10472 | D:9      | Killed a brown ugly thing
 10473 | D:9      | Reached skill level 15 in Ice Magic
 10779 | D:9      | Found an opulent altar of Gozag.
 10992 | D:9      | Found Fadec's Magic Scroll Shoppe.
 11001 | D:9      | Bought a scroll of brand weapon for 260 gold pieces
 11224 | D:9      | Reached ** piety under Sif Muna
 11457 | D:10     | Entered Level 10 of the Dungeon
 11457 | D:10     | Noticed a two-headed ogre
 11470 | D:10     | Killed a two-headed ogre
 11631 | D:10     | Noticed Joseph
 11999 | D:10     | Reached XP level 11. HP: 58/74 MP: 15/17
 12038 | D:10     | Learned a level 3 spell: Mephitic Cloud
 12098 | D:10     | Noticed Josephine
 12115 | D:10     | Killed Josephine
 12116 | D:10     | Reached skill level 16 in Ice Magic
 12121 | D:10     | Reached skill level 1 in Air Magic
 12121 | D:10     | Reached skill level 1 in Poison Magic
 12214 | D:10     | Found a staircase to the Lair.
 12701 | D:10     | Killed Joseph
 12871 | Lair:1   | Entered Level 1 of the Lair of Beasts
 13636 | Lair:1   | Noticed Fannar
 13671 | Lair:1   | Reached skill level 5 in Spellcasting
 13673 | Lair:1   | Killed Fannar
 15228 | Lair:2   | Reached skill level 1 in Fighting
 15228 | Lair:2   | Reached XP level 12. HP: 68/83 MP: 14/20
 15739 | Lair:2   | Found a staircase to the Swamp.
 16059 | Lair:2   | Reached skill level 1 in Invocations
 16063 | Lair:2   | Reached *** piety under Sif Muna
 16132 | Lair:2   | Noticed a five-headed hydra
 16143 | Lair:2   | Killed a five-headed hydra
 16481 | Lair:2   | Noticed a six-headed hydra
 16489 | Lair:2   | Killed a six-headed hydra
 16529 | Lair:2   | Learned a level 5 spell: Freezing Cloud
 16740 | Lair:3   | Noticed a four-headed hydra
 16770 | Lair:3   | Killed a four-headed hydra
 16771 | Lair:3   | Reached skill level 5 in Air Magic
 17079 | Lair:3   | Reached skill level 17 in Ice Magic
 17580 | Lair:3   | Reached **** piety under Sif Muna
 17830 | Lair:3   | Reached XP level 13. HP: 81/99 MP: 10/22
 18027 | Lair:3   | Noticed Snorg
 18042 | Lair:3   | Killed Snorg
 18335 | Lair:4   | Found a staircase to the Snake Pit.
 19795 | Lair:5   | Found a viscous altar of Jiyva.
 19795 | Lair:5   | Found a staircase to the Slime Pits.
 19904 | Lair:5   | Reached skill level 5 in Fighting
 20038 | Lair:5   | Reached ***** piety under Sif Muna
 20038 | Lair:5   | Received a gift from Sif Muna
 20039 | Lair:5   | Got Sif Muna's Almanac of the Shifting Frostbite {god gift}
 20106 | Lair:5   | Reached skill level 5 in Invocations
 20497 | Lair:5   | Reached skill level 5 in Dodging
 21832 | Lair:6   | Entered Level 6 of the Lair of Beasts
 22934 | Lair:6   | Reached XP level 14. HP: 96/111 MP: 20/25
 23679 | Lair:6   | Received a gift from Sif Muna
 24393 | Lair:6   | Reached skill level 18 in Ice Magic
 24608 | Lair:6   | Found a large runed translucent door.
 24609 | Lair:6   | Found a large runed translucent door.
 25264 | D:11     | Noticed Urug
 25283 | D:11     | Killed Urug
 26603 | D:12     | HP: 4/113 [cyclops/large rock (38)]
 26603 | D:12     | Slain by an eight-headed hydra

Illustrated notes

Levels and vault maps discovered:
D:1:      kb_arrival_jail, layout_rooms, ebering_ecumenical_altar_sacrificial,
          serial_bayou, serial_bayou_pond_d, serial_bayou_shore_a,
          serial_bayou_lagoon_a, serial_bayou_pond_e, serial_bayou_pond_b
D:2:      layout_loops_ring
D:3:      layout_loops_cross, pdpol_wu_jian_five_deadly_venoms, serial_glass,
          glass_columns_a, glass_columns_b, chequers_serial_rivers_micro_a,
          nrook_campfire, serial_bayou_pond_a
D:4:      layout_rooms, serial_forest, infiniplex_forest_lined_corner,
          infiniplex_forest_clump_small, infiniplex_forest_straight_4,
          infiniplex_forest_lined_room_2, infiniplex_forest_lined_corner,
          infiniplex_forest_clump_C, infiniplex_forest_clump_double,
          minmay_shop_mass
D:5:      layout_basic, serial_shops, shop, uniq_blork_the_orc, uniq_pikel,
          uniq_duvessa
D:6:      layout_loops_ring, grunt_temple_overflow_open, uniq_prince_ribbit1
D:7:      layout_cave_pools, lemuel_temple_firewalk_a, supply_closet_lemuel
D:8:      layout_cave_pools, old_standard_altar
D:9:      layout_long_grid, mainiacjoe_overflow_cross_hatched, serial_shops,
          nicolae_lakefront_shop
D:10:     layout_roguey, lair_entry_dummy, uniq_josephine, uniq_joseph
D:11:     layout_layer_cave, uniq_urug
D:12:     layout_irregular_city, orc_0_dummy
Temple:   compressed_dpeg_circular_temple
Lair:1:   layout_layer_cave, uniq_fannar
Lair:2:   layout_cave_shapes, swamp_mist
Lair:3:   layout_regular_city, lemuel_fruit_tree, infiniplex_staircase_pool,
          grunt_megastairs_3, uniq_snorg
Lair:4:   layout_gridlike, minmay_snake_entry_six_corridors
Lair:5:   regret_index_tunnel_blossom, layout_loops_ring, slime_altar_1
Lair:6:   cheibrodos_lair_end_hotspot, layout_regular_city

Skill      XL: |  1  2  3  4  5  6  7  8  9 10 11 12 13 14 |
---------------+-------------------------------------------+-----
Ice Magic      | 5 6 9 10 12 14 15 16 17 18 | 18.1
Conjurations   | 3 5 6 7 8 9 |  9.0
Bows           | 2 5 8 9 |  9.0
Spellcasting   | 3 4 5 6 7 8 |  8.2
Air Magic      | 3 5 7 |  7.6
Poison Magic   | 3 4 |  4.0
Dodging        | 2 4 5 6 |  6.4
Fighting       | 1 4 6 7 |  7.4
Invocations    | 3 6 7 |  7.0
Stealth        | |  1.7

Action                   |  1- 3 |  4- 6 |  7- 9 | 10-12 | 13-15 || total
-------------------------+-------+-------+-------+-------+-------++-------
Melee: Club              |    22 |    18 |       |       |       ||    40
       Unarmed           |     1 |       |       |     6 |       ||     7
       Tailslap          |     4 |     6 |    17 |    68 |    65 ||   160
       Punch             |     2 |       |       |     7 |     8 ||    17
       Trident           |       |    14 |     5 |       |       ||    19
       Whip              |       |       |    54 |       |       ||    54
       Short sword       |       |       |    25 |    11 |       ||    36
       Dagger            |       |       |       |   264 |   293 ||   557
       Staff             |       |       |       |    37 |    86 ||   123
 Fire: Shortbow          |       |       |   141 |    94 |    58 ||   293
 Cast: Freeze            |    52 |    61 |       |       |     1 ||   114
       Frozen Ramparts   |       |     4 |    35 |    67 |    85 ||   191
       Ozocubu's Armour  |       |       |    19 |    60 |    73 ||   152
       Hailstorm         |       |       |       |    15 |    38 ||    53
       Freezing Cloud    |       |       |       |       |    22 ||    22
 Abil: Breathe Frost     |       |       |     1 |     2 |       ||     3
Evoke: Wand              |       |       |       |     2 |       ||     2
  Use: Scroll            |       |       |    13 |     7 |     4 ||    24
       Potion            |       |       |       |     1 |     2 ||     3
 Stab: Sleeping          |       |       |     1 |       |       ||     1
Armor: Skin              |    14 |    26 |    66 |   277 |   322 ||   705
Dodge: Dodged            |    31 |    42 |    85 |   269 |   328 ||   755
